 Dungeon Crawl Stone Soup version 0.21-a0-578-gc6e9d75 (webtiles) character file.

3465 KristoblXynda the Thaumaturge (level 9, -4/45 HPs)
             Began as a Deep Elf Conjurer on Dec 18, 2017.
             Was a Believer of Vehumet.
             Slain by an orc warrior
             ... wielding a +0 hand axe
              (18 damage)
             ... on level 8 of the Dungeon.
             The game lasted 00:18:30 (7735 turns).

KristoblXynda the Thaumaturge (Deep Elf Conjurer)   Turns: 7735, Time: 00:18:31

Health: -4/45      AC:  7    Str: 10    XL:     9   Next: 78%
Magic:  1/26       EV: 13    Int: 24    God:    Vehumet [**....]
Gold:   522        SH:  0    Dex: 18    Spells: 22/31 levels left

rFire    . . .     SeeInvis .   t - +4 short sword "Nierph" {flame, *Slow rN+ Dex+3}
rCold    . . .     Gourm    .   (no shield)
rNeg     + . .     Faith    .   a - +0 robe
rPois    .         Spirit   .   q - +1 helmet
rElec    .         Reflect  .   B - +0 cloak
rCorr    .         Harm     .   (no gloves)
MR       .....                  (no boots)
Stlth    ++++......             (no amulet)
HPRegen  0.15/turn              l - +2 ring of protection
MPRegen  0.20/turn              A - +5 ring of strength

@: no status effects
A: no striking features
a: Renounce Religion


You were on level 8 of the Dungeon.
You worshipped Vehumet.
Vehumet was pleased with you.
You were hungry.

You visited 2 branches of the dungeon, and saw 9 of its levels.

You collected 522 gold pieces.

Inventory:

Hand Weapons
 t - the +4 short sword "Nierph" (weapon) {flame, *Slow rN+ Dex+3}
   (You found it on level 4 of the Dungeon)

   It has been specially enchanted to burn those struck by it, causing extra
   injury to most foes and up to half again as much damage against particularly
   susceptible opponents.
   It affects your dexterity (+3).
   It protects you from negative energy.
   It may slow you when you take damage.
Missiles
 h - a throwing net (quivered)
Armour
 a - a +0 robe (worn)
 q - a +1 helmet (worn)
 y - a +2 buckler
 B - a +0 cloak (worn)
Jewellery
 f - a +2 ring of protection
 l - a +2 ring of protection (left hand)
 z - an uncursed ring of flight
 A - a +5 ring of strength (right hand)
Wands
 g - a wand of enslavement (17)
 s - a wand of polymorph (15)
 u - a wand of disintegration (11)
Scrolls
 e - 2 scrolls of magic mapping
 i - 3 scrolls of remove curse
 o - a scroll of identify
 p - a scroll of amnesia
 r - a scroll of enchant armour
 C - a scroll of enchant weapon {unknown}
Potions
 d - 2 potions of curing
 j - a potion of magic
 k - 4 potions of mutation
 m - a potion of resistance
 v - 2 potions of heal wounds
 w - a potion of flight
 x - 2 potions of berserk rage
Books
 b - a book of Conjurations

   Spells                             Type                      Level
   a - Magic Dart                     Conjuration                  1
   b - Searing Ray                    Conjuration                  2
   c - Dazzling Spray                 Conjuration/Hexes            3
   d - Fulminant Prism                Conjuration/Hexes            4
   e - Force Lance                    Conjuration/Translocation    4
   f - Iskenderun's Mystic Blast      Conjuration                  4
 n - a book of Cantrips

   Spells                             Type                      Level
   a - Confusing Touch                Hexes                        1
   b - Animate Skeleton               Necromancy                   1
   c - Summon Small Mammal            Summoning                    1
   d - Apportation                    Translocation                1
Comestibles
 c - 11 rations


   Skills:
 - Level 2.4 Dodging
 + Level 8.4 Stealth
 + Level 11.7 Spellcasting
 + Level 10.6 Conjurations


You had 22 spell levels left.
You knew the following spells:

 Your Spells              Type           Power        Failure   Level  Hunger
a - Magic Dart            Conj           ####         1%          1    None
b - Dazzling Spray        Conj/Hex       #####.       1%          3    None
c - Iskenderun's Mystic   Conj           ######..     1%          4    None
d - Apportation           Tloc           ##....       4%          1    None


Dungeon Overview and Level Annotations

Branches:
Dungeon (8/15)             Temple (1/1) D:6
   Lair: D:8-11

Altars:
Ashenzari
Cheibriados
Dithmenos
Fedhas
Gozag
Hepliaklqana
Kikubaaqudgha
Makhleb
Nemelex Xobeh
Okawaru
Qazlal
Ru
Trog
Uskayaw
Vehumet
Wu Jian
Xom
Yredelemnul

Annotations:
D:8 Erica


Message History

Unknown command.
You see here a scorpion corpse.
An orc comes into view. It is wielding a short sword.
Casting: Iskenderun's Mystic Blast
Confirm with . or Enter, or press ? or * to list all spells.
You don't have enough magic to cast that spell.
Unknown command. 2 orcs come into view.
The orc shouts!
The orc warrior hits you with a hand axe!
Casting: Iskenderun's Mystic Blast
Confirm with . or Enter, or press ? or * to list all spells.
Aiming: Dazzling Spray
Press: ? - help, Shift-Dir - straight line, f/p - orc warrior
Aim: an orc warrior, wielding a hand axe and wearing a plate armour (moderately wounded)
The spray of energy hits the orc warrior.
The orc warrior is moderately wounded.
The orc warrior is dazzled.
The orc warrior hits you with a hand axe!!
You die...

####### #.#...
###.#.###
#.o.o...### ###
#.#........ .####
...##o#.#oo.o..
..... ...#@#.#
#.... ##### #
#..#.#†# ... ..
#....#.# . .. ###
... #..#.#[# .#
....
....##..###)#..##
....
............#....
##.#
....))..........#
#.#
................#
#..
...).............o
###


You could see an orc warrior (blind) and an orc.

Vanquished Creatures
  Pikel (D:7)
  Maurice (D:8)
  Prince Ribbit (D:8)
  Sigmund (D:3)
  A hungry ghost (D:8)
  A phantom (D:5)
  An orc warrior (D:8)
  5 ogres
  An ice beast (D:6)
  A centaur (D:6)
  A bullfrog (D:6)
  4 scorpions
  The ghost of Daviar the Changer, a weakling DgTm (D:3)
  3 crimson imps
  4 hounds
  A jelly (D:5)
  7 orc priests
  7 orc wizards
  A centaur skeleton (D:6)
  Jessica (D:3)
  2 iguanas
  6 worker ants
  Robin (D:3)
  9 adders
  2 shadow imps
  An adder skeleton (D:8)
  2 worms
  4 dart slugs
  9 leopard geckos
  33 orcs
  6 bats
  9 giant cockroaches
  15 goblins
  10 hobgoblins
  18 jackals
  6 kobolds
  A quokka (D:2)
  3 ball pythons
  3 frilled lizards
  A jackal skeleton (D:7)
  8 rats
193 creatures vanquished.

Vanquished Creatures (others)
  A slave (D:7)
1 creature vanquished.

Grand Total: 194 creatures vanquished

Notes
Turn   | Place    | Note
-------+----------+-------------------------------------------
     0 | D:1      | KristoblXynda the Deep Elf Conjurer began the quest for the Orb.
     0 | D:1      | Reached XP level 1. HP: 10/10 MP: 6/6
   207 | D:1      | Reached XP level 2. HP: 15/15 MP: 4/8
   617 | D:1      | Reached skill level 4 in Spellcasting
   776 | D:2      | Reached skill level 5 in Conjurations
   776 | D:2      | Reached XP level 3. HP: 19/19 MP: 1/10
   947 | D:2      | Learned a level 3 spell: Dazzling Spray
  1281 | D:2      | Reached XP level 4. HP: 24/24 MP: 9/12
  1301 | D:2      | Learned a level 4 spell: Iskenderun's Mystic Blast
  1801 | D:2      | Reached skill level 5 in Spellcasting
  1991 | D:3      | Noticed Daviar's ghost (weakling DgTm)
  2034 | D:3      | Killed Daviar's ghost
  2034 | D:3      | Reached XP level 5. HP: 15/28 MP: 2/14
  2205 | D:3      | Found a burning altar of Makhleb.
  2348 | D:3      | Found an opulent altar of Gozag.
  2427 | D:3      | Noticed Sigmund
  2435 | D:3      | Killed Sigmund
  2435 | D:3      | Reached skill level 6 in Spellcasting
  2435 | D:3      | Reached XP level 6. HP: 31/32 MP: 1/17
  2457 | D:3      | Noticed Jessica
  2534 | D:3      | Killed Jessica
  2631 | D:3      | Noticed Robin
  2635 | D:3      | Killed Robin
  2827 | D:4      | Reached skill level 7 in Spellcasting
  2953 | D:4      | Reached XP level 7. HP: 34/36 MP: 4/20
  3173 | D:4      | Got a shimmering flail
  3180 | D:4      | Got a crude short sword
  3181 | D:4      | Identified the +4 short sword "Nierph" {flame, *Slow rN+ Dex+3} (You found it on level 4 of the Dungeon)
  3220 | D:4      | Reached skill level 8 in Spellcasting
  3489 | D:5      | Entered Level 5 of the Dungeon
  3493 | D:5      | Learned a level 1 spell: Apportation
  3834 | D:5      | Found a sacrificial altar of Ru.
  3841 | D:5      | Found a snail-covered altar of Cheibriados.
  3931 | D:5      | Reached skill level 9 in Spellcasting
  4018 | D:5      | Reached XP level 8. HP: 41/41 MP: 19/23
  4373 | D:6      | Found an ornate altar of the Wu Jian Council.
  4476 | D:6      | Found a staircase to the Ecumenical Temple.
  4504 | Temple   | Entered the Ecumenical Temple
  4523 | Temple   | Became a worshipper of Vehumet
  4716 | D:6      | Reached skill level 5 in Stealth
  4766 | D:6      | Reached skill level 10 in Spellcasting
  5220 | D:6      | Found an ancient bone altar of Kikubaaqudgha.
  5807 | D:7      | Noticed Pikel
  5819 | D:7      | Killed Pikel
  5819 | D:7      | Reached XP level 9. HP: 45/45 MP: 14/25
  6718 | D:8      | Reached skill level 10 in Conjurations
  6803 | D:8      | Reached * piety under Vehumet
  6803 | D:8      | Offered knowledge of Flame Tongue by Vehumet.
  6866 | D:8      | Reached skill level 11 in Spellcasting
  7000 | D:8      | Found a shattered altar of Ashenzari.
  7025 | D:8      | Noticed Erica
  7148 | D:8      | Noticed Prince Ribbit
  7154 | D:8      | Killed Prince Ribbit
  7264 | D:8      | Found a hazy altar of Hepliaklqana.
  7278 | D:8      | Noticed Maurice
  7302 | D:8      | Killed Maurice
  7717 | D:8      | Reached ** piety under Vehumet
  7720 | D:8      | Offered knowledge of Freeze by Vehumet.
  7735 | D:8      | Slain by an orc warrior

Vault maps used:
D:1:      lightli_arrival_windingriver
D:3:      lemuel_crystal_altar, nicolae_gozag_cash_rules_everything_around_me,
          first_ration, uniq_sigmund, uniq_jessica, uniq_robin
D:5:      minitemple
D:6:      lemuel_crystal_altar, kiku_gazebo_garden_becter,
          minmay_temple_entry_grid
D:7:      uniq_pikel
D:8:      cheibrodos_ashenzari_chains, overflow_temple_1_default,
          marbit_many_paths, lair_entry_dummy, special_room, serial_shops,
          nicolae_shop_overgrown_old_shop, hangedman_decor_clover_reticule,
          uniq_prince_ribbit1, uniq_erica, uniq_maurice
Temple:   nicolae_temple_x_marks_the_god

Skill      XL: |  1  2  3  4  5  6  7  8  9 |
---------------+----------------------------+-----
Spellcasting   | 4 5 6 7 9 10 11 | 11.7
Conjurations   | 5 6 7 8 9 10 | 10.6
Stealth        | 6 8 |  8.4
Dodging        | |  2.4

Action                   |  1- 3 |  4- 6 |  7- 9 || total
-------------------------+-------+-------+-------++-------
Melee: Dagger            |    11 |     1 |       ||    12
       Flail             |       |     5 |     6 ||    11
       Short sword       |       |       |    66 ||    66
 Cast: Magic Dart        |    62 |   152 |   228 ||   442
       Iskenderun's Myst |       |     4 |    45 ||    49
       Dazzling Spray    |       |       |     1 ||     1
Evoke: Wand              |       |       |     6 ||     6
  Use: Scroll            |       |     3 |    13 ||    16
       Potion            |       |       |     1 ||     1
 Stab: Sleeping          |       |     1 |     2 ||     3
       Distracted        |       |       |     1 ||     1
  Eat: Chunk             |     1 |     2 |     8 ||    11
       Ration            |       |     1 |     2 ||     3
Armor: Robe              |     2 |     7 |    36 ||    45
Dodge: Dodged            |    10 |    17 |   100 ||   127

Table legend:
 A = Spawn XP
 B = Non-spawn XP
 C = Spawn XP percentage of total XP
 D = Spawn monster count
 E = Non-spawn monster count
 F = Spawn count percentage of total count
 G = Total turns spent on level
                    A         B        C        D         E        F      G
               +---------+---------+-------+---------+---------+-------+---------
         Total |       0 |    4951 |   0.0 |       0 |     193 |   0.0 |  7735
               +---------+---------+-------+---------+---------+-------+---------
           D:1 |       0 |      37 |   0.0 |       0 |      19 |   0.0 |   766
           D:2 |       0 |     104 |   0.0 |       0 |      34 |   0.0 |  1181
           D:3 |       0 |     399 |   0.0 |       0 |      33 |   0.0 |   839
           D:4 |       0 |     545 |   0.0 |       0 |      26 |   0.0 |   764
           D:5 |       0 |     485 |   0.0 |       0 |      14 |   0.0 |   736
           D:6 |       0 |    1103 |   0.0 |       0 |      25 |   0.0 |  1452
           D:7 |       0 |     745 |   0.0 |       0 |       7 |   0.0 |  1026
           D:8 |       0 |    1533 |   0.0 |       0 |      35 |   0.0 |   947
               +---------+---------+-------+---------+---------+-------+---------
